 Dungeon Sprint DCSS version 0.21.1-1-g345015f (webtiles) character file.

6386 wilfster70 the Imperceptible (level 10, -10/75 (76) HPs)
             Began as a Vampire Enchanter on Apr 3, 2018.
             Was a High Priest of Dithmenos.
             Mangled by a demonic crawler (12 damage)
             ... in the Dungeon (Sprint I: "Red Sonja").
             The game lasted 00:09:24 (739 turns).

wilfster70 the Imperceptible (Vampire Enchanter)     Turns: 739, Time: 00:09:25

HP:   -10/75 (76)   AC:  0    Str:  4    XL:     10   Next: 66%
MP:   23/23         EV: 20    Int: 27    God:    Dithmenos [*****.]
Gold: 955           SH:  0    Dex: 19    Spells: 17/27 levels left

rFire    . . .     SeeInvis +   (weapon currently unavailable)
rCold    . . .     Gourm    .   (shield currently unavailable)
rNeg     + . .     Faith    .   (armour currently unavailable)
rPois    .         Spirit   .   (helmet currently unavailable)
rElec    .         Reflect  .   (cloak currently unavailable)
rCorr    .         Harm     .   (gloves currently unavailable)
MR       +....     NoTele   +   (boots currently unavailable)
Stlth    ++++++++++             o - amulet "Ohojibya" {+Rage Str-3 Int+5}
HPRegen  0.22/turn              (ring currently unavailable)
MPRegen  0.18/turn              (ring currently unavailable)

@: bat-form, flying, wreathed by umbra, very quick
A: tiny, fangs 3, see invisible
a: End Transformation, Shadow Step, Shadow Form, Renounce Religion, Evoke
Berserk Rage


You were in the Dungeon.
You worshipped Dithmenos.
Dithmenos was extremely pleased with you.
You were not thirsty.
You were in vampire-bat-form.
You visited 1 branch You collected 1695 gold pieces.
You spent 740 gold pieces at shops.

Inventory:

Hand Weapons
 a - a +1 dagger (melded)
Armour
 l - a +2 robe of magic resistance (melded)
 m - a +0 helmet (melded)
Jewellery
 o - the amulet "Ohojibya" (around neck) {+Rage Str-3 Int+5}
   (You bought it in a shop in the Dungeon)

   [amulet of rage]

   It affects your strength (-3).
   It affects your intelligence (+5).
   It lets you go berserk.
Scrolls
 i - a scroll of remove curse {unknown}
 j - a scroll of blinking
 n - a scroll of identify {unknown}
Potions
 b - a potion of agility {unknown}
 d - 6 potions of blood
 e - a potion of curing
 f - a potion of heal wounds
 g - a potion of haste
 h - 2 potions of magic
Books
 c - a book of Maledictions

   Spells                             Type                      Level
   a - Corona                         Hexes                        1
   b - Ensorcelled Hibernation        Hexes/Ice                    2
   c - Confuse                        Hexes                        3
   d - Tukima's Dance                 Hexes                        3
   e - Dazzling Spray                 Conjuration/Hexes            3
 k - a book of Changes

   Spells                             Type                      Level
   a - Beastly Appendage              Transmutation                1
   b - Sticks to Snakes               Transmutation                2
   c - Spider Form                    Transmutation/Poison         3
   d - Ice Form                       Ice/Transmutation            4
   e - Blade Hands                    Transmutation                5


   Skills:
 + Level 6.1 Fighting
 - Level 10.2 Short Blades
 - Level 2.1 Dodging
 * Level 23.0 Stealth
 - Level 9.4 Spellcasting
 - Level 10.3 Hexes
 * Level 5.8 Transmutations
 - Level 9.5 Ice Magic


You had 17 spell levels left.
You knew the following spells:

 Your Spells              Type           Power        Failure   Level  Hunger
a - Corona                Hex            ######.      1%          1    None
b - Ensorcelled Hibernat  Hex/Ice        ######       1%          2    None
c - Confuse               Hex            ######..     1%          3    None
d - Ice Form              Ice/Tmut       ######..     1%          4    None


Dungeon Overview and Level Annotations

Branches:
Dungeon (1/1)

Altars:
Cheibriados
Dithmenos
Elyvilon
Fedhas
Gozag
Hepliaklqana
Kikubaaqudgha
Makhleb
Nemelex Xobeh
Okawaru
Qazlal
Ru
Sif Muna
Trog
Uskayaw
Vehumet
Wu Jian
Xom
Yredelemnul
Zin
The Shining One
Jiyva
Lugonu

Shops:
D =*((%*!*!(**}=*[=


Innate Abilities, Weirdness & Mutations

You have razor-sharp teeth.
You have supernaturally acute eyesight. (SInv)
((You can survive without breathing.))


Message History

The demonic crawler misses you. The demonic crawler hits you. x2
The demonic crawler barely misses you. The demonic crawler hits you.
The demonic crawler hits you! The demonic crawler misses you.
The demonic crawler closely misses you. The demonic crawler misses you.
The demonic crawler hits you. x2
* * * LOW HITPOINT WARNING * * *
The demonic crawler misses you. The demonic crawler closely misses you.
The demonic crawler misses you. The demonic crawler hits you.
* * * LOW HITPOINT WARNING * * *
The demonic crawler misses you. The demonic crawler hits you.
* * * LOW HITPOINT WARNING * * *
The demonic crawler completely misses you.
The demonic crawler misses you. The demonic crawler closely misses you.
The demonic crawler hits you!
* * * LOW HITPOINT WARNING * * *
The demonic crawler completely misses you.
The demonic crawler hits you!
You die...

##########################
#<.#.['..#.)'..#__#..'..)#
#..'..#.)'..#..'.s'..#...##+#
#..#####'#####s#__####)..'..#
#..####..#...#.####[§#####..+
#..#__####..##)#≈§§§§#..# ##
#..#_____##'#_.'bs§§§'.§#
#⌠⌠#_.∩...'..._#≈s§§)#§.#
####_..__##_.#'##'#####§###
#_____###'#.#....###.'.#
############.####+###.###§#
#∩........'..s'.s...'.∩##.#
###++++####.).###########§#
##.###.......##.# #+#
#.......§'§#


You could see 2 demonic crawlers.

Vanquished Creatures
  2 centaur warriors (D)
  Sonja (D)
  2 unseen horrors (D)
  A deep troll (D)
  An oklob plant (D)
  2 kobold demonologists (D)
  A hornet (D)
  A slime creature (D)
  A yak (D)
  Sigmund (D)
  2 redbacks (D)
  2 floating eyes (D)
  An ogre (D)
  7 necrophages (D)
  8 jellies (D)
  Ijyb (D)
34 creatures vanquished.

Notes
Turn   | Place    | Note
-------+----------+-------------------------------------------
     0 | D        | wilfster70 the Vampire Enchanter began the quest for the Orb.
     0 | D        | Reached XP level 1. HP: 13/13 MP: 3/3
     1 | D        | Noticed Ijyb
     7 | D        | Killed Ijyb
     7 | D        | Reached skill level 7 in Stealth
     7 | D        | Reached XP level 2. HP: 19/19 MP: 4/6
    19 | D        | Learned a level 2 spell: Ensorcelled Hibernation
    43 | D        | Noticed an ogre
    46 | D        | Killed an ogre
    46 | D        | Reached skill level 10 in Stealth
    46 | D        | Reached XP level 3. HP: 24/24 MP: 6/8
    46 | D        | Reached XP level 4. HP: 30/30 MP: 7/10
    72 | D        | Noticed Sigmund
    75 | D        | Killed Sigmund
    75 | D        | Reached skill level 12 in Stealth
    75 | D        | Reached skill level 5 in Spellcasting
    75 | D        | Reached XP level 5. HP: 35/35 MP: 10/12
   101 | D        | Found a deep blue altar of Sif Muna.
   102 | D        | Found an ornate altar of the Wu Jian Council.
   103 | D        | Found a radiant altar of Vehumet.
   108 | D        | Reached skill level 13 in Stealth
   108 | D        | Reached XP level 6. HP: 26/41 MP: 10/14
   113 | D        | Learned a level 3 spell: Confuse
   222 | D        | Found Ceis's Assorted Antiques.
   222 | D        | Found an ancient bone altar of Kikubaaqudgha.
   222 | D        | Found a hazy altar of Hepliaklqana.
   222 | D        | Found a stormy altar of Qazlal.
   222 | D        | Found a hide-covered altar of Uskayaw.
   222 | D        | Found a blossoming altar of Fedhas.
   222 | D        | Found a bloodstained altar of Trog.
   222 | D        | Found an iron altar of Okawaru.
   222 | D        | Found a basalt altar of Yredelemnul.
   222 | D        | Found a glowing golden altar of the Shining One.
   222 | D        | Found a snail-covered altar of Cheibriados.
   222 | D        | Found a sacrificial altar of Ru.
   222 | D        | Found a glowing silver altar of Zin.
   222 | D        | Found a shadowy altar of Dithmenos.
   222 | D        | Found a white marble altar of Elyvilon.
   222 | D        | Noticed a yak
   223 | D        | Found an opulent altar of Gozag.
   224 | D        | Killed a yak
   224 | D        | Reached skill level 14 in Stealth
   224 | D        | Reached skill level 10 in Hexes
   224 | D        | Reached skill level 5 in Ice Magic
   225 | D        | Found a sparkling altar of Nemelex Xobeh.
   231 | D        | Became a worshipper of Dithmenos the Shadowed
   269 | D        | Noticed Sonja
   273 | D        | Killed Sonja
   273 | D        | Reached skill level 16 in Stealth
   273 | D        | Reached XP level 7. HP: 46/46 MP: 16/18
   289 | D        | Found Noapn's Jewellery Boutique.
   309 | D        | Noticed a deep troll
   313 | D        | Killed a deep troll
   313 | D        | Reached skill level 17 in Stealth
   313 | D        | Reached XP level 8. HP: 52/52 MP: 20/20
   332 | D        | Found Diwieny's Armour Emporium.
   340 | D        | Bought a +2 robe of magic resistance for 177 gold pieces
   374 | D        | Noticed a centaur warrior
   374 | D        | Noticed a centaur warrior
   376 | D        | Killed a centaur warrior
   376 | D        | Reached * piety under Dithmenos
   376 | D        | Reached skill level 18 in Stealth
   376 | D        | Reached XP level 9. HP: 57/57 MP: 21/21
   378 | D        | Killed a centaur warrior
   378 | D        | Reached skill level 19 in Stealth
   389 | D        | Reached skill level 1 in Fighting
   389 | D        | Reached skill level 20 in Stealth
   401 | D        | Noticed an oklob plant
   403 | D        | Killed an oklob plant
   403 | D        | Reached ** piety under Dithmenos
   436 | D        | Reached skill level 21 in Stealth
   441 | D        | Noticed an unseen horror
   442 | D        | Noticed an unseen horror
   447 | D        | Killed an unseen horror
   447 | D        | Reached XP level 10. HP: 72/72 MP: 18/23
   448 | D        | Killed an unseen horror
   448 | D        | Reached *** piety under Dithmenos
   448 | D        | Reached skill level 10 in Short Blades
   448 | D        | Reached skill level 22 in Stealth
   454 | D        | Learned a level 4 spell: Ice Form
   459 | D        | Reached skill level 5 in Fighting
   459 | D        | Reached skill level 1 in Transmutations
   470 | D        | Reached **** piety under Dithmenos
   543 | D        | Reached ***** piety under Dithmenos
   595 | D        | Found Xiumus's Weapon Shoppe.
   596 | D        | Found Weesal's Jewellery Boutique.
   596 | D        | Found Essannam's Weapon Shop.
   596 | D        | Found Juanloareny's General Store.
   597 | D        | Found Ideacu's Food Boutique.
   620 | D        | Found Sipaiv's General Store.
   620 | D        | Found Cir Jir's Distillery.
   620 | D        | Found Ronwol's General Store.
   620 | D        | Found Ypneduh's Distillery.
   620 | D        | Found Yngah's Weapon Emporium.
   620 | D        | Found Viteil's General Store.
   620 | D        | Found Lampo's General Store.
   624 | D        | Found Pasy's Gadget Boutique.
   626 | D        | Found Xupuakhau's Jewellery Emporium.
   637 | D        | Bought the amulet "Ohojibya" {+Rage Str-3 Int+5} for 563 gold pieces
   671 | D        | Found a viscous altar of Jiyva.
   671 | D        | Found a corrupted altar of Lugonu.
   672 | D        | Found a burning altar of Makhleb.
   672 | D        | Found a shimmering altar of Xom.
   692 | D        | Reached skill level 5 in Transmutations
   693 | D        | Reached skill level 23 in Stealth
   738 | D        | HP: 2/75 [demonic crawler (11)]
   739 | D        | Mangled by a demonic crawler

Skill      XL: |  1  2  3  4  5  6  7  8  9 10 |
---------------+-------------------------------+-----
Stealth        | 7 10 12 13 16 17 18 21 23 | 23.0
Spellcasting   | 3 4 5 7 8 9 |  9.4
Hexes          | 6 7 9 10 | 10.3
Ice Magic      | 2 4 7 8 9 |  9.5
Short Blades   | 4 6 7 9 10 | 10.2
Fighting       | 4 6 |  6.1
Transmutations | 5 |  5.8
Dodging        | |  2.1

Action                   |  1- 3 |  4- 6 |  7- 9 | 10-12 || total
-------------------------+-------+-------+-------+-------++-------
Melee: Dagger            |     4 |     5 |     9 |    35 ||    53
       Bite              |       |       |       |     4 ||     4
       Unarmed           |       |       |       |     1 ||     1
 Cast: Ensorcelled Hiber |       |     1 |       |     5 ||     6
       Confuse           |       |       |       |     5 ||     5
Invok: Shadow Step       |       |       |     1 |     1 ||     2
 Abil: Bat Form          |       |       |       |     1 ||     1
  Use: Potion            |     1 |       |       |       ||     1
 Stab: Sleeping          |     2 |     4 |     9 |    14 ||    29
       Confused          |       |       |       |     4 ||     4
       Distracted        |       |       |       |     1 ||     1
Armor: Robe              |       |       |       |     6 ||     6
Dodge: Dodged            |     1 |       |       |    40 ||    41
